 Dungeon Crawl Stone Soup version 0.30.0-18-gc0e69614cb (webtiles) character file.

Game seed: 3512746871340069673

483 Josd the Ruffian (level 6, -8/61 HPs)
             Began as a Troll Berserker on May 23, 2023.
             Was a Believer of Trog.
             Mangled by Pikel
             ... wielding a +0 whip of electrocution
              (13 damage)
             ... on level 4 of the Dungeon.
             The game lasted 00:16:20 (3544 turns).

Josd the Ruffian (Troll Berserker)                  Turns: 3544, Time: 00:16:20

Health: -8/61      AC: -8    Str: 28    XL:     6   Next: 88%
Magic:  5/5        EV: 10    Int:  3    God:    Trog [**....]
Gold:   197        SH:  0    Dex: 12    Spells: 5/5 levels left

rFire   . . .        n - +5 hand axe "ETAOIN SHRDLU" {heavy, Contam Fly rC+ Dex+3}
rCold   + . .        (no shield)
rNeg    . . .        a - +0 animal skin
rPois   .            (helmet restricted)
rElec   .            (no cloak)
rCorr   .            (gloves unavailable)
SInv    .            (boots unavailable)
Will    ++...        (no amulet)
Stlth   +            (no ring)
HPRegen 2.10/turn    (no ring)
MPRegen 0.09/turn

%: no passive effects
@: strong-willed, corroded, flying, regenerating
A: large, unfitting armour, claws 3, regeneration 1, shaggy fur 1, tough skin 1
a: Renounce Religion, Berserk, Trog's Hand


You were on level 4 of the Dungeon.
You worshipped Trog.
Trog was pleased with you.
You visited 2 branches of the dungeon, and saw 5 of its levels.

You collected 197 gold pieces.

Inventory:

Hand Weapons
 n - the +5 hand axe "ETAOIN SHRDLU" (weapon) {heavy, Contam Fly rC+ Dex+3}
   (You found it on level 3 of the Dungeon)

   Dex:       It affects your dexterity (+3).
   rC:        It protects you from cold.
   Fly:       It grants you flight.
   Contam:    It causes magical contamination when unequipped.
Missiles
 f - 13 poisoned darts (quivered)
 h - 22 stones
 i - 10 javelins
 l - 2 boomerangs
Armour
 a - a +0 animal skin (worn)
 e - a +0 scale mail
 g - a +0 cloak of preservation
Jewellery
 r - a ring of positive energy
Scrolls
 b - a scroll of teleportation
 j - a scroll of noise {unknown}
 k - a scroll of amnesia {unknown}
 m - a scroll of torment {unknown}
 o - 2 scrolls of magic mapping
 q - a scroll of identify {unknown}
 u - a scroll of vulnerability {unknown}
Potions
 c - 2 potions of curing
 d - a potion of attraction {unknown}
 p - 2 potions of lignification {unknown}
 s - a potion of cancellation {unknown}
 t - a potion of resistance {unknown}


   Skills:
 + Level 3.5 Fighting
 + Level 1.9 Axes
 + Level 3.7 Dodging
 + Level 0.4 Stealth
 + Level 5.5 Unarmed Combat


You had 5 spell levels left.
You didn't know any spells.
Your spell library was empty.

Dungeon Overview and Level Annotations

Branches:
Dungeon (4/15)             Temple (1/1) D:4

Altars:
Cheibriados
Dithmenos
Elyvilon
Fedhas
Gozag
Hepliaklqana
Kikubaaqudgha
Makhleb
Okawaru
Ru
Sif Muna
Uskayaw
Wu Jian
Xom
Yredelemnul
Zin
The Shining One

Annotations:
D:4 Pikel


Innate Abilities, Weirdness & Mutations

You are too large for most types of armour.
You have claws for hands.
Your natural rate of healing is unusually fast.
You are covered in fur. (AC +1)
You have tough skin. (AC +1)


Message History

You hit the jelly. The acid corrodes you!
Your claws burn!
The jelly is almost dead.
The jelly hits you. The acid corrodes you!
You are splashed with acid.
The jelly hits you.
You are splashed with acid.
You barely miss the jelly.
The jelly is almost dead.
The jelly hits you.
You are splashed with acid!
Pikel waves his whip at you. The jelly hits you. The acid corrodes you!
You are splashed with acid!
You are too injured to fight recklessly!
Your skin crawls.
You feel strong-willed.
The lemure shouts!
You hear a shout!
The jelly hits you.
You are splashed with acid.
* * * LOW HITPOINT WARNING * * *
A lemure comes into view.
Pikel barely misses you.
You see here a scroll labelled ZIELAF QUDON.
The jelly attacks as you move away! The jelly barely misses you.
The jelly attacks as you move away! The jelly misses you.
A quokka comes into view.
The jelly attacks as you move away! The jelly hits you. The acid corrodes you!
You are splashed with acid!
* * * LOW HITPOINT WARNING * * *
Pikel says, "Antaeus said I was his favorite kobold.
Me!"
You slash the quokka!
You kill the quokka!
Trog accepts your kill.
You hit the jelly but do no damage.
Your claws burn!
The jelly hits you. The acid corrodes you!
You are splashed with acid!
* * * LOW HITPOINT WARNING * * *
You hit the jelly.
You kill the jelly!
Trog accepts your kill.
A lemure comes into view.
Pikel hits you with a +0 whip of electrocution!
* * * LOW HITPOINT WARNING * * *
Pikel attacks as you move away!
Pikel hits you with a +0 whip of electrocution!
You die...

******,* ### *,,,,.5#* ****** #..
*,***#..* *,,,,* #.. *,*,,#..#*
*,,,,* #.. *,*,,*.5.* *,,,,***
#.. *,*,,*,#.## *,,,,,,******#†.
*,*,,*,#..## ***,*,,,,,,<*#..
*,#..#.##5.#########.######***#.†
*,.........5.5.K@....#....# #..
**####.####.##########.##.# ##.
,,,,,,,* #....## #.#..# #..
******** ####..# #.#.## ##.#
#########.######.#.#####..# ##
#...##...........#.#....... .#
#...##.###.#<.#..#.#.#.#### .#
#...##.# #.##....#.#...# #
.######...##.# #.......#.#..## ##


You could see Pikel and 3 lemures.

Vanquished Creatures
  A phantom (D:4)
  A scorpion (D:4)
  2 jellies (D:4)
  2 orc priests (D:4)
  Natasha (thrice) (D:2)
  An orc wizard (D:4)
  Terence (D:3)
  4 adders
  A worm (D:2)
  2 dart slugs
  An orc (D:4)
  11 ball pythons
  5 bats
  14 endoplasms
  3 giant cockroaches (D:3)
  5 goblins
  6 hobgoblins
  6 kobolds
  2 quokkas
  2 frilled lizards
  10 rats
83 creatures vanquished.

Notes
Turn   | Place    | Note
-------+----------+-------------------------------------------
     0 | D:1      | Josd the Troll Berserker began the quest for the Orb.
     0 | D:1      | Reached XP level 1. HP: 22/22 MP: 0/0
   126 | D:1      | Found a faded altar of an unknown god.
   207 | D:1      | Reached XP level 2. HP: 26/29 MP: 1/1
   890 | D:1      | Reached XP level 3. HP: 36/36 MP: 2/2
  1085 | D:2      | Noticed Natasha
  1086 | D:2      | Reached ** piety under Trog
  1090 | D:2      | Killed Natasha
  1091 | D:2      | Reached skill level 4 in Unarmed Combat
  1091 | D:2      | Reached XP level 4. HP: 39/44 MP: 3/3
  1286 | D:2      | Noticed Natasha
  1301 | D:2      | Killed Natasha
  1515 | D:2      | Noticed Natasha
  1521 | D:2      | Killed Natasha
  1522 | D:2      | Reached XP level 5. HP: 53/53 MP: 4/4
  1581 | D:2      | You fall into a shaft and drop 2 floors!
  1766 | D:3      | Identified the +5 hand axe "ETAOIN SHRDLU" {heavy, Contam
                  | Fly rC+ Dex+3}
  2010 | D:3      | Reached skill level 5 in Unarmed Combat
  2118 | D:3      | Noticed Terence
  2125 | D:3      | Killed Terence
  2878 | D:4      | Reached XP level 6. HP: 59/61 MP: 5/5
  2880 | D:4      | Reached skill level 1 in Axes
  3100 | D:4      | Found a staircase to the Ecumenical Temple.
  3114 | Temple   | Entered the Ecumenical Temple
  3405 | D:4      | Noticed Pikel
  3544 | D:4      | Mangled by Pikel

Illustrated notes

Levels and vault maps discovered:
D:1:      shiori_arrival_whats_in_store_for_you, layout_basic, serial_forest,
          infiniplex_forest_end_double, infiniplex_forest_clump_long,
          infiniplex_forest_straight_2, infiniplex_forest_end_1,
          infiniplex_forest_zigzag_1, hellmonk_ecumenical_altar_crossroads,
          minivault_27, minmay_stone_trees_medium, st_stairs_6, minivault_4,
          serial_park_tiny_2
D:2:      layout_rooms, uniq_natasha
D:3:      layout_basic, serial_rivers, chequers_serial_rivers_marsh,
          chequers_serial_rivers_marsh, chequers_serial_rivers_large_a,
          chequers_serial_rivers_micro_e, chequers_serial_rivers_large_b,
          chequers_serial_rivers_small_a, skrybe_limestone_x,
          kennysheep_cluttered_room, kennysheep_generic_room_12, uniq_terence
D:4:      layout_basic, temple_fountains, uniq_robin, uniq_pikel
Temple:   minmay_temple_bridge_d

Skill      XL: |  1  2  3  4  5  6 |
---------------+-------------------+-----
Unarmed Combat | 4 5 |  5.5
Dodging        | 3 |  3.7
Fighting       | 3 |  3.5
Axes           | 1 |  1.9
Stealth        | |  0.4

Action                     |  1- 3 |  4- 6 || total
---------------------------+-------+-------++-------
  Melee: Unarmed           |    96 |    47 ||   143
         Punch             |     3 |     1 ||     4
         Hand axe          |       |    56 ||    56
 Invoke: Berserk           |     1 |     3 ||     4
         Trog's Hand       |       |     2 ||     2
    Use: Scroll            |       |     2 ||     2
   Stab: Sleeping          |       |     1 ||     1
 Armour: Animal skin       |    24 |    31 ||    55
  Dodge: Dodged            |    29 |    60 ||    89
